 Dungeon Crawl Stone Soup version 0.18-a0-1805-g8ab820f (webtiles) character file.

95 UnknownArtist the Skirmisher (level 4, -8/49 HPs)
             Began as an Ogre Berserker on Apr 26, 2016.
             Was a Believer of Trog.
             Mangled by Sigmund
             ... wielding a +0 scythe
              (11 damage)
             ... on level 3 of the Dungeon.
             The game lasted 00:11:54 (3570 turns).

UnknownArtist the Skirmisher (Ogre Berserker)       Turns: 3570, Time: 00:11:54

Health: -8/49      AC:  3    Str: 23    XL:     4   Next: 65%
Magic:  4/4        EV: 10    Int:  6    God:    Trog [**....]
Gold:   135        SH:  0    Dex:  9    Spells: 0 memorised, 3 levels left

rFire  . . .     SeeInvis .     a - +0 spear
rCold  . . .     Gourm    .     b - +0 animal skin
rNeg   . . .     Faith    .     (no shield)
rPois  .         Spirit   .     (helmet restricted)
rElec  .         Dismiss  .     (no cloak)
rCorr  .         Reflect  .     (gloves unavailable)
SustAt .         Harm     .     (boots unavailable)
MR     .....                    (no amulet)
Stlth  +.........               (no ring)
                                (no ring)

@: lethally poisoned (-8 -> -31), not resistant to hostile enchantments, very
unstealthy
A: unfitting armour, tough skin 1
a: Berserk, Trog's Hand, Burn Spellbooks, Renounce Religion


You were on level 3 of the Dungeon.
You worshipped Trog.
Trog was pleased with you.
You were not hungry.

You visited 1 branch of the dungeon, and saw 3 of its levels.

You collected 135 gold pieces.

Inventory:

Hand Weapons
 a - a +0 spear (weapon)
 o - a +0 spear
Missiles
 c - 48 sling bullets
Armour
 b - a +0 animal skin (worn)
 k - a +0 helmet
 m - a +0 chain mail
 r - a cursed +0 leather armour
 s - a +0 buckler
Scrolls
 d - 5 scrolls of identify (quivered) {unknown}
 f - a scroll of random uselessness {unknown}
 g - a scroll of noise {unknown}
 h - 3 scrolls of remove curse {unknown}
 l - a scroll of fear {unknown}
 p - a scroll of amnesia {unknown}
 q - a scroll of teleportation {unknown}
 t - a scroll of blinking {unknown}
 u - a scroll of recharging {unknown}
Potions
 e - a potion of ambrosia {unknown}
 i - a potion of magic {unknown}
 j - a potion of berserk rage {unknown}
Comestibles
 n - a meat ration


   Skills:
 + Level 4.7 Fighting
 + Level 3.8 Polearms
 + Level 3.7 Dodging
 + Level 0.5 Stealth


You had 3 spell levels left.
You didn't know any spells.

Dungeon Overview and Level Annotations

Branches:
Dungeon (3/15)

Altars:

Annotations:
D:3 Sigmund


Innate Abilities, Weirdness & Mutations

You are too large for most types of armour.
You have tough skin (AC +1).


Message History

The adder poisons you! Something hits you!
* * * LOW HITPOINT WARNING * * *
You feel sick. Something hits you.
* * * LOW HITPOINT WARNING * * *
The hobgoblin hits you.
* * * LOW HITPOINT WARNING * * *
The kobold shoots a poisoned needle.
The poisoned needle hits you!
You are lethally poisoned!
The adder bites you.
* * * LOW HITPOINT WARNING * * *
You see here a poisoned needle.
You feel less confused.
* * * LOW HITPOINT WARNING * * *
You feel sick. The adder barely misses you.
* * * LOW HITPOINT WARNING * * *
You feel sick. The hobgoblin closely misses you.
The kobold shoots a poisoned needle.
The poisoned needle hits you!
You are more poisoned.
Something hits you!
You die...

##...#
>....##########
.####...#...##...##
. ...............##
. ............@..# #
#.#......K%gS..#
#####.#.(..........#
.....(............##
.##...###...##...##
(.....# ##########
......# ......#
.##.#..#


You could see an adder, a hobgoblin and a kobold.

Vanquished Creatures
  2 adders (D:2)
  2 oozes (D:1)
  A worm (D:2)
  3 ball pythons
  3 giant cockroaches (D:2)
  8 goblins
  11 hobgoblins
  5 jackals
  2 quokkas (D:2)
  5 bats
  4 giant newts
  9 kobolds
  5 rats
60 creatures vanquished.

Notes
Turn   | Place    | Note
--------------------------------------------------------------
     0 | D:1      | UnknownArtist the Ogre Berserker began the quest for the Orb.
     0 | D:1      | Reached XP level 1. HP: 24/24 MP: 1/1
   184 | D:1      | Reached XP level 2. HP: 23/32 MP: 2/2
   858 | D:1      | Reached XP level 3. HP: 32/39 MP: 3/3
  1598 | D:1      | Reached ** piety under Trog
  2235 | D:2      | Reached XP level 4. HP: 45/49 MP: 4/4
  3475 | D:3      | Noticed Sigmund
  3570 | D:3      | Mangled by Sigmund

Vault maps used:
D:1:      mushboom_english_gardens, minmay_misc_feat_x, minmay_misc_feat_iff,
          roderic_bali_sauvastika, minmay_ruptured
D:3:      uniq_sigmund

Skill      XL: |  1  2 |
---------------+-------+-----
Dodging        | 3 |  3.7
Fighting       | |  4.7
Polearms       | |  3.8
Stealth        | |  0.5

Action                   |  1- 3 |  4- 6 || total
-------------------------+-------+-------++-------
Melee: Spear             |   155 |   105 ||   260
  Eat: Bread ration      |     2 |       ||     2
Armor: Animal skin       |    68 |    43 ||   111
Dodge: Dodged            |   117 |    83 ||   200
